 Dungeon Crawl Stone Soup version 0.29-a0-284-gf9362112df (console) character file.

Game seed: 9208813095172942950

1469299 mishirie the Eclecticist (level 24, 214/214 HPs)
             Began as a Demigod Wanderer on Mar 21, 2022.
             Escaped with the Orb
             ... and 3 runes!
             The game lasted 03:55:09 (89508 turns).

mishirie the Eclecticist (Demigod Wanderer)        Turns: 89508, Time: 03:55:10

Health: 214/214    AC: 28    Str: 16    XL:     24   Next: 69%
Magic:  52/52      EV: 21    Int: 40    God:
Gold:   2683       SH:  8    Dex: 21    Spells: 24/60 levels left

rFire   + + +      SeeInvis .   a - +7 demon trident (elec)
rCold   + + .      Faith    .   f - +1 buckler of the Hills {rN+ Str+4 Int+6}
rNeg    + . .      Spirit   .   o - quicksilver dragon scales
rPois   .          Reflect  .   (helmet restricted)
rElec   +          Harm     .   L - +0 cloak "Kaohael" {rC++}
rCorr   +          Rampage  .   K - +2 pair of gloves
Will    +++..                   C - +2 pair of boots
Stlth   +.........              H - amulet "Felixuam" {rElec Regen+}
HPRegen 1.25/turn               D - ring "Jaeb" {Wiz rF+++ rCorr Dex-5}
MPRegen 0.33/turn               Y - ring "Ynefiseo" {rElec AC+4 Slay+5}

@: no status effects
A: high MP 1, forlorn, divine attributes, antennae 2, agile 1, sense
surroundings 1, weak 1, MP-powered wands
0: Orb of Zot
}: 3/15 runes: barnacled, silver, gossamer
a: no special abilities


You escaped.
You visited 8 branches of the dungeon, and saw 45 of its levels.
You also visited: Sewer, Ossuary, Gauntlet, Ice Cave and Desolation.

You collected 6621 gold pieces.
You spent 3938 gold pieces at shops.

Inventory:

Hand Weapons
 a - a +7 demon trident of electrocution (weapon)
Missiles
 j - 4 curare-tipped darts (quivered)
 N - 7 throwing nets
Armour
 b - a +2 helmet of intelligence
 f - the +1 buckler of the Hills (worn) {rN+ Str+4 Int+6}
   (You found it in the Desolation of Salt)

   Str:       It affects your strength (+4).
   Int:       It affects your intelligence (+6).
   rN:        It protects you from negative energy.
 o - quicksilver dragon scales (worn)
 C - a +2 pair of boots (worn)
 K - a +2 pair of gloves (worn)
 L - the +0 cloak "Kaohael" (worn) {rC++}
   (You found it in a Gauntlet)

   rC:        It greatly protects you from cold.
Jewellery
 n - the ring of Pevidgh {rC+ Str+3 Int+3 Dex-5}
   (You took it off a yaktaur captain on level 5 of the Vaults)

   [ring of protection from cold]

   Str:       It affects your strength (+3).
   Int:       It affects your intelligence (+3).
   Dex:       It affects your dexterity (-5).
   rC:        It protects you from cold.
 t - the ring "Gezeuzar" {Wiz Str+3}
   (You took it off a vault sentinel on level 3 of the Vaults)

   [ring of wizardry]

   It improves your spell success rate.
   Str:       It affects your strength (+3).
 D - the ring "Jaeb" (left hand) {Wiz rF+++ rCorr Dex-5}
   (You found it in the Desolation of Salt)

   [ring of wizardry]

   It improves your spell success rate.
   Dex:       It affects your dexterity (-5).
   rF:        It renders you almost immune to fire.
   rCorr:     It protects you from acid and corrosion.
 H - the amulet "Felixuam" (around neck) {rElec Regen+}
   (You found it in the Desolation of Salt)

   [amulet of regeneration]

   rElec:     It insulates you from electricity.
   Regen:     It increases your rate of health regeneration.
 W - the ring "Erosotite" {rF+ Int+6}
   (You bought it in a shop on level 2 of the Orcish Mines)

   [ring of intelligence]

   Int:       It affects your intelligence (+6).
   rF:        It protects you from fire.
 X - a ring of flight
 Y - the ring "Ynefiseo" (right hand) {rElec AC+4 Slay+5}
   (You acquired it on level 1 of the Vaults)

   [ring of protection]

   AC:        It affects your AC (+4).
   Slay:      It affects your accuracy & damage with ranged weapons and melee
   (+5).
   rElec:     It insulates you from electricity.
 Z - a ring of see invisible
Wands
 A - a wand of digging (9)
 E - a wand of iceblast (7)
 P - a wand of paralysis (32)
 S - a wand of acid (3)
 U - a wand of charming (5)
Scrolls
 c - 17 scrolls of teleportation
 e - 4 scrolls of torment
 g - 9 scrolls of magic mapping
 h - 6 scrolls of vulnerability
 k - a scroll of enchant weapon
 l - 4 scrolls of blinking
 m - 8 scrolls of immolation
 r - a scroll of holy word
 w - 6 scrolls of fog
 x - 3 scrolls of brand weapon
 F - 11 scrolls of enchant armour
 G - 5 scrolls of silence
 I - a scroll of fear
 J - 6 scrolls of amnesia
Potions
 d - 2 potions of ambrosia
 i - 10 potions of brilliance
 p - a potion of magic
 s - 7 potions of curing
 u - 2 potions of heal wounds
 v - 4 potions of invisibility
 z - 7 potions of berserk rage
 B - 7 potions of might
 O - a potion of cancellation
 Q - 4 potions of resistance
 R - 5 potions of mutation
 T - 4 potions of haste
Miscellaneous
 q - a phial of floods
 y - a box of beasts
 M - a lightning rod (4/4)
 V - a condenser vane


   Skills:
 - Level 17.0 Fighting
 - Level 14.0 Polearms
 - Level 16.0 Armour
 + Level 15.8 Dodging
 - Level 8.0 Shields
 + Level 18.5 Spellcasting
 - Level 12.0 Conjurations
 - Level 14.0 Summonings
 - Level 12.0 Necromancy
 - Level 5.0 Transmutations
 - Level 5.0 Air Magic
 - Level 11.0 Earth Magic
 - Level 2.0 Poison Magic
 - Level 8.0 Evocations


You had 24 spell levels left.
You knew the following spells:

 Your Spells              Type           Power      Damage    Failure   Level
a - Monstrous Menagerie   Summ           49%        N/A       1%          7
b - Haunt                 Necr/Summ      48%        N/A       2%          7
d - Irradiate             Conj/Tmut      40%        3d27      1%          5
e - Summon Lightning Spi  Summ/Air       85%        N/A       1%          4
f - Borgnjor's Vile Clut  Necr/Erth      46%        N/A       1%          5
g - Iron Shot             Conj/Erth      46%        9d9       1%          6
B - Blink                 Tloc           74%        N/A       1%          2

Your spell library contained the following spells:

 Spells                   Type           Power      Damage    Failure   Level
 Animate Skeleton         Necr           100%       N/A       0%          1
 Magic Dart               Conj           100%       1d8       0%          1
 Sandblast                Erth           100%       2d20      0%          1
 Call Imp                 Summ           99%        N/A       0%          2
 Sublimation of Blood     Necr           93%        N/A       0%          2
 Apportation              Tloc           74%        N/A       1%          1
 Freeze                   Ice            100%       1d11      1%          1
 Shock                    Conj/Air       100%       1d9       1%          1
 Corpse Rot               Necr/Air       100%       N/A       1%          2
 Passwall                 Tmut/Erth      65%        N/A       1%          2
 Wereblood                Tmut           67%        N/A       1%          2
 Dazzling Flash           Conj/Hex       100%       N/A       1%          3
 Gell's Gravitas          Tloc           37%        N/A       1%          3
 Ignite Poison            Fire/Tmut/Pois 54%        N/A       1%          3
 Lesser Beckoning         Tloc           37%        N/A       1%          3
 Mephitic Cloud           Conj/Pois/Air  73%        N/A       1%          3
 Ozocubu's Armour         Ice            37%        N/A       1%          3
 Portal Projectile        Hex/Tloc       74%        N/A       1%          3
 Stone Arrow              Conj/Erth      100%       3d13      1%          3
 Swiftness                Air            67%        N/A       1%          3
 Teleport Other           Tloc           37%        N/A       1%          3
 Airstrike                Air            33%        N/A       1%          4
 Animate Armour           Summ/Erth      100%       N/A       1%          4
 Animate Dead             Necr           46%        N/A       1%          4
 Dispel Undead            Necr           93%        3d29      1%          4
 Fulminant Prism          Conj/Hex       35%        3d18      1%          4
 Iskenderun's Mystic Bla  Conj/Tloc      71%        2d14      1%          4
 Leda's Liquefaction      Hex/Erth       34%        N/A       1%          4
 Petrify                  Tmut/Erth      79%        N/A       1%          4
 Summon Ice Beast         Ice/Summ       75%        N/A       1%          4
 Blade Hands              Tmut           33%        N/A       1%          5
 Freezing Cloud           Conj/Ice/Air   35%        6-21      1%          5
 Lee's Rapid Deconstruct  Erth           45%        3d23*     1%          5
 Lightning Bolt           Conj/Air       40%        1d59      1%          5
 Summon Mana Viper        Hex/Summ       75%        N/A       1%          5
 Death Channel            Necr           46%        N/A       1%          6
 Statue Form              Tmut/Erth      52%        N/A       3%          6
 Alistair's Intoxication  Tmut/Pois      40%        N/A       4%          5
 Cause Fear               Hex            18%        N/A       6%          4
 Simulacrum               Ice/Necr       35%        N/A       8%          6
 Starburst                Conj/Fire      35%        6d10      8%          6
 Manifold Assault         Tloc           37%        N/A       16%         5
 Metabolic Englaciation   Hex/Ice        18%        N/A       16%         5
 Borgnjor's Revivificati  Necr           46%        N/A       26%         8
 Infestation              Necr           46%        N/A       26%         8
 Lehudib's Crystal Spear  Conj/Erth      46%        10d11     32%         8
 Dragon Form              Tmut           33%        N/A       50%         7
 Storm Form               Tmut/Air       33%        N/A       50%         7
 Dispersal                Tloc           18%        N/A       61%         6
 Dragon's Call            Summ           49%        N/A       86%         9
 Ozocubu's Refrigeration  Ice            18%        4d8       99%         7
 Maxwell's Capacitive Co  Air            33%        ∞         99%         8


Dungeon Overview and Level Annotations

Branches:
Dungeon (15/15)            Temple (0/1) D:4            Lair (6/6) D:8
 Shoals (4/4) Lair:3       Spider (4/4) Lair:3        Slime (0/5) Lair:5
    Orc (2/2) D:10            Elf (0/3) Orc:2        Vaults (5/5) D:14
  Crypt (0/3) Vaults:3     Depths (4/4) D:15            Zot (5/5) Depths:4
  Sewer (visited)         Ossuary (visited)           IceCv (visited)
Desolation (visited)      Gauntlet (visited)

Shops:
D:5 !   D:11 (   Orc:2 *?(*?   Shoals:4 *[   Vaults:3 ::(:=   Depths:3 *

Portals:
Hell: Depths:1 Depths:2 Depths:3 Depths:4
Abyss: Depths:2 Depths:3
Pandemonium: Depths:2
Ziggurat: Depths:2

Annotations:
Zot:3 1 transporter


Innate Abilities, Weirdness & Mutations

You have an increased reservoir of magic. (+10% MP)
You shall have no god before yourself.
Your divine heritage dramatically boosts your attributes as you level up.
You have a pair of antennae on your head.
You are agile. (Dex +2)
You passively map a small area around you.
You are weak. (Str -2)
You expend magic power (3 MP) to strengthen your wands.


Message History

The hell hog breathes fire at you.
The fireball explodes!
The fireball engulfs you. You resist.
The fireball engulfs the hell hog.
The hell hog completely resists.
The fireball engulfs the hell hound.
The hell hound completely resists.
The fireball engulfs the hell hound.
The hell hound completely resists.
The fireball engulfs the hell hound.
The hell hound completely resists.
The hell hog breathes fire at you.
The fireball explodes!
The fireball engulfs the hell hound.
The hell hound completely resists.
The fireball engulfs the hell hog.
The hell hog completely resists.
The fireball engulfs the hell hound.
The hell hound completely resists.
The fireball engulfs the hell hog.
The hell hog completely resists.
The fireball engulfs you. You resist.
You climb upwards.
There is a stone staircase leading down here.
Magic restored.
HP restored.
There is a stone staircase leading up here.
You climb upwards.
There is a stone staircase leading down here.
Unknown command.
You sense a monster nearby.
There is a stone staircase leading up, spattered with blood here.
You climb upwards.
There is a stone staircase leading down here.
Unknown command.
You see here a +0 fustibalus.
There is a stone staircase leading up here.
You climb upwards.
There is a stone staircase leading down here.
Unknown command.
There is a stone staircase leading up here.
You climb upwards.
There is a stone staircase leading down here.
Unknown command.
There is a stone staircase leading up here.
You climb upwards.
There is a stone staircase leading down here.
Unknown command.
There is a staircase leading out of the dungeon here.
You have escaped!

#.# ###..#.###..##≈##. ##### #÷#
###.###.##...§≈... #...### #.#
#.......######'###
......####.#####.....##........#
#...#.#............>.#######.####
........#..###.....[.#######.#...
.......###.##.P...P..............
........#..##........######......
#...#.#...##....@....####...##.##
......##.####.........##.##..#.##
#...####.# #.P...P...##.#.......
#......#.#####........##.#...#.#.
...###........####....###........
...###...####.#............###.#.
.....#.....................###.#.
...#.#.....##.#...........###....
...#.#...#.##.#####...######.###.


There were no monsters in sight!

Vanquished Creatures
  3 orbs of fire
  Boris (Vaults:2)
  3 Killer Klowns (Zot:5)
  Margery (Vaults:4)
  Xtahua (Vaults:5)
  A curse toe (Zot:1)
  2 golden dragons
  2 bone dragons (Depths:4)
  An electric golem (Zot:5)
  A Tzitzimitl (D:8)
  8 tentacled monstrosities
  The ghost of SweetAndFullOfGrace the Executioner, an adept MiBe of Trog (Spider:1)
  Jorgrun (Shoals:1)
  7 quicksilver dragons
  21 Orb Guardians
  A lich (Vaults:5)
  Asterion (Vaults:1)
  3 titans (Vaults:5)
  A kraken (Shoals:1)
  An ancient champion (Vaults:3)
  4 sphinxes
  4 death cobs
  8 shadow dragons
  7 storm dragons
  Kirke (Spider:1)
  A rockslime (shapeshifter) (Depths:2)
  4 tengu reavers
  Roxanne (Shoals:1)
  A draconian monk (Zot:5)
  4 emperor scorpions
  A deep elf sorcerer (Vaults:5)
  Donald (Lair:3)
  3 frost giants
  6 draconian knights
  3 fire giants
  2 imperial myrmidons (Desolation)
  9 draconian scorchers
  11 ghost moths
  3 draconian shifters
  2 iron dragons
  A juggernaut zombie (Depths:2)
  2 orc warlords
  A caustic shrike zombie (Depths:2)
  A curse skull (Vaults:3)
  5 broodmothers
  12 vault wardens
  Louise (D:15)
  A reaper (D:11)
  3 draconian stormcallers
  8 stone giants
  2 spriggan defenders
  11 ironbound preservers
  4 ironbound thunderhulks
  3 war gargoyles
  5 draconian annihilators
  21 very ugly things
  2 entropy weavers
  A deep elf demonologist (Vaults:5)
  9 green draconians
  A vampire knight (Depths:2)
  A minotaur (Gauntlet)
  9 white draconians
  A halazid warlock (Desolation)
  9 spark wasps
  13 red draconians
  A lorocyproca (Depths:3)
  7 black draconians
  11 dire elephants
  9 purple draconians
  9 yellow draconians
  A deep elf death mage (Vaults:5)
  8 ettins
  4 crystal guardians
  7 merfolk impalers
  2 merfolk javelineers
  9 fire dragons
  15 yaktaur captains
  9 ragged hierophants (Desolation)
  The ghost of sammy202020 the Protected, a journeyman MiFi of Trog (D:11)
  3 great orbs of eyes
  A deep elf high priest (Vaults:5)
  23 vault guards
  5 ice dragons
  Erolcha (D:12)
  Harold (Lair:1)
  3 servants of whispers (Desolation)
  7 hydras
  11 boulder beetles
  8 spriggan air magi
  2 catoblepae
  7 peacekeepers
  2 alligator snapping turtles
  4 jorogumos
  A spriggan skeleton (Depths:2)
  6 merfolk avatars
  8 ironbound frosthearts
  2 ogre magi (Vaults:5)
  2 merfolk aquamancers
  11 two-headed ogres
  10 centaur warriors
  4 radroaches
  An anaconda (shapeshifter) (Vaults:5)
  10 death yaks
  A satyr (Shoals:3)
  A satyr (shapeshifter) (Depths:4)
  5 tengu warriors
  4 orc high priests
  4 deep troll earth magi
  A vampire mage (Depths:2)
  7 deep troll shamans
  5 spriggan berserkers
  Sonja (Orc:1)
  Nergalle (Orc:1)
  2 soul eaters
  A spectral dire elephant (Lair:6)
  A hell knight (Vaults:4)
  A shadow wraith (Vaults:5)
  5 iron trolls
  A spectral death yak (Lair:6)
  Urug (D:12)
  4 skeletal warriors (Depths:2)
  4 pharaoh ants
  A storm dragon skeleton (Depths:2)
  3 sun moths
  Lodul (D:12)
  8 sea snakes
  A flayed ghost (Vaults:5)
  4 glowing orange brains
  4 steelbarb worms
  A spectral anaconda (Lair:6)
  47 deep trolls
  An obsidian statue (Lair:6)
  11 orb spiders
  A shadow demon (Depths:3)
  2 phantasmal warriors
  28 harpies
  7 necromancers
  3 wizards
  5 lindwurms
  8 orc knights
  22 ironbound convokers
  A shadow dragon zombie (Depths:2)
  2 deep elf pyromancers
  A sphinx zombie (Depths:2)
  6 orc sorcerers
  16 manticores
  3 oklob plants
  4 fauns (Shoals:3)
  18 wolf spiders
  13 elephants (Lair:6)
  28 ugly things
  11 merfolk sirens
  30 moths of wrath
  4 cyclopes
  3 guardian serpents (Desolation)
  3 water nymphs
  An apocalypse crab (Gauntlet)
  An ice statue (IceCv)
  12 vault sentinels
  3 gargoyles
  3 black mambas
  7 cane toads
  An unseen horror (D:10)
  A torpor snail (Lair:2)
  7 demonic crawlers
  A kobold demonologist (D:12)
  8 rime drakes
  An efreet (Zot:2)
  63 yaktaurs
  A tormentor (Depths:3)
  3 tengu conjurers (Depths:2)
  2 freezing wraiths
  9 komodo dragons
  24 merfolk
  A meliai (shapeshifter) (Depths:2)
  A queen bee (D:11)
  9 meliai
  14 hornets
  6 trolls
  5 wind drakes
  7 polar bears
  28 blink frogs
  4 nameless horrors
  A tengu simulacrum (Vaults:4)
  23 tarantellas
  2 raiju (shapeshifter)
  25 slime creatures
  44 saltlings (Desolation)
  A human simulacrum (Vaults:4)
  A spriggan zombie (Depths:2)
  37 jumping spiders
  3 wraiths
  2 shadows (Gauntlet)
  11 snapping turtles
  3 spriggans
  17 water elementals
  22 culicivoras
  A vampire (D:10)
  5 basilisks
  12 fire elementals
  A golden eye (shapeshifter) (Vaults:5)
  2 vampire mosquitoes (D:12)
  A steam dragon (D:8)
  71 yaks
  A death yak simulacrum (Lair:6)
  6 wargs
  44 redbacks
  3 spectral cane toads (Lair:6)
  Edmund (D:6)
  4 acid dragons
  9 water moccasins
  5 hell hounds (D:15)
  4 ice beasts
  28 orc warriors
  A sky beast (D:6)
  4 black bears
  7 ogres
  39 wolves
  5 centaurs
  2 elephant skeletons (Lair:6)
  14 bullfrogs
  2 necrophages
  5 scorpions
  A glowing shapeshifter simulacrum (Vaults:4)
  A gnoll sergeant (D:8)
  A cane toad simulacrum (Lair:6)
  12 wights
  22 killer bees
  3 howler monkeys (D:7)
  2 electric eels
  A gnoll shaman (D:4)
  2 jellies
  Crazy Yiuf (D:5)
  18 orc priests
  3 hounds
  2 iguanas (D:3)
  Ijyb (D:3)
  25 orc wizards
  2 mummies (Ossuary)
  14 gnolls
  14 adders
  A river rat (D:5)
  6 white imps (D:11)
  8 adder zombies (Ossuary)
  3 worms
  2 dart slugs
  88 orcs
  10 bats
  4 endoplasms (D:1)
  9 giant cockroaches
  11 goblins
  10 hobgoblins
  6 jackals (D:1)
  A kobold (shapeshifter) (Vaults:5)
  15 quokkas
  12 ball pythons
  7 frilled lizards
  2 gnoll zombies (Ossuary)
  3 hobgoblin zombies (Ossuary)
  10 kobolds
  6 kobold zombies (Ossuary)
  2 orc zombies (Ossuary)
  7 rats
  5 tentacles (Shoals:1)
1886 creatures vanquished.

Vanquished Creatures (collateral kills)
  2 dread liches
  2 orbs of fire (Zot:5)
  Mara (Depths:3)
  Mennas (Vaults:4)
  An ancient lich (Vaults:5)
  A juggernaut (Depths:4)
  Parghit (Depths:4)
  2 Killer Klowns (Zot:5)
  4 golden dragons
  A profane servitor (D:15)
  An electric golem (Zot:5)
  5 tentacled monstrosities
  A walking crystal tome (Depths:3)
  A lich (Depths:1)
  5 Orb Guardians (Zot:5)
  6 titans
  4 quicksilver dragons
  4 death cobs
  4 sphinxes
  3 tengu reavers
  8 shadow dragons
  3 fire giants
  9 storm dragons
  5 draconian monks
  A deep elf sorcerer (Vaults:5)
  3 iron dragons
  7 frost giants
  2 draconian scorchers
  3 draconian knights
  3 draconian shifters
  3 vault wardens
  A caustic shrike zombie (Depths:2)
  A draconian stormcaller (Zot:4)
  4 ironbound preservers
  A ghoul (Vaults:3)
  2 draconian annihilators
  6 stone giants
  8 very ugly things
  2 ironbound thunderhulks (Vaults:3)
  4 black draconians
  Azrael (D:15)
  An entropy weaver (Vaults:4)
  3 green draconians
  2 white draconians (Zot:2)
  5 red draconians
  2 spark wasps
  4 yellow draconians
  4 dire elephants (Vaults:3)
  2 purple draconians
  2 deep elf death magi (Vaults:5)
  4 ettins
  3 fire dragons (Depths:2)
  4 merfolk impalers (Shoals:4)
  6 yaktaur captains
  6 ice dragons
  A great orb of eyes (Vaults:3)
  4 vault guards
  3 boulder beetles
  2 hydras
  2 ogre magi
  3 two-headed ogres (Vaults:3)
  A peacekeeper (Vaults:3)
  An ironbound frostheart (Vaults:4)
  A merfolk aquamancer (Shoals:4)
  An alligator snapping turtle (Shoals:4)
  A merfolk avatar (Shoals:4)
  A catoblepas (Lair:6)
  A tengu warrior (Depths:3)
  3 deep troll shamans
  2 death yaks
  3 deep troll earth magi (Depths:3)
  2 hell knights (Vaults:4)
  A spriggan berserker (Depths:1)
  4 iron trolls
  A pharaoh ant (Spider:1)
  A goliath frog (shapeshifter) (Vaults:5)
  2 sea snakes (Shoals:4)
  2 orb spiders (Spider:4)
  14 deep trolls
  4 harpies
  A phantasmal warrior (Vaults:5)
  3 oklob plants (Lair:5)
  4 ironbound convokers
  A mana viper (shapeshifter) (Vaults:5)
  3 ugly things
  2 necromancers
  A wolf spider (Spider:1)
  A manticore (Shoals:1)
  A cyclops (Shoals:1)
  3 elephants (Lair:6)
  A merfolk siren (Lair:3)
  2 black mambas
  2 water nymphs (Shoals:4)
  6 moths of wrath
  6 vault sentinels
  A torpor snail (Lair:3)
  A guardian serpent (shapeshifter) (Vaults:5)
  2 cane toads (Lair:6)
  18 yaktaurs
  4 komodo dragons
  A demonic crawler (Spider:1)
  6 merfolk
  3 polar bears
  6 slime creatures
  2 hornets (Depths:1)
  3 blink frogs
  3 dream sheep (Shoals:1)
  2 tarantellas (Spider:4)
  3 snapping turtles
  3 jumping spiders
  A culicivora (Spider:1)
  6 yaks
  A wyvern (Lair:6)
  2 water elementals
  A spriggan (Depths:1)
  11 fire elementals
  A death yak simulacrum (Lair:6)
  5 redbacks
  A warg (Orc:1)
  A hell hound (D:15)
  A water moccasin (Lair:3)
  An acid dragon (D:10)
  3 wolves
  An ogre (Orc:1)
  A bullfrog (Lair:5)
  2 elephant simulacra (Lair:6)
  An orc priest (Vaults:5)
  3 orc wizards
  6 white imps (D:11)
380 creatures vanquished.

Vanquished Creatures (others)
  A golden dragon (Zot:1)
  2 storm dragons
  A draconian knight (Zot:5)
  A fire giant (Vaults:5)
  A black draconian (Zot:4)
  An ironbound convoker (Vaults:3)
  4 humans (Spider:1)
  A bush (Lair:6)
  72 fungi
  121 plants
  6 tentacles (Shoals:1)
  34 withered plants (Lair:6)
245 creatures vanquished.

Grand Total: 2511 creatures vanquished

Notes
Turn   | Place    | Note
-------+----------+-------------------------------------------
     0 | D:1      | mishirie the Demigod Wanderer began the quest for the Orb.
     0 | D:1      | mishirie set off with the following items: a +0 club, a +0
                  | helmet, a scroll of teleportation, 22 stones, a +0 robe, a
                  | +2 buckler; and the following spell memorised: Sandblast;
                  | and the following spells available to memorise: Stone Arrow
     0 | D:1      | Reached XP level 1. HP: 16/16 MP: 4/4
   233 | D:1      | Reached XP level 2. HP: 23/23 MP: 4/6
   495 | D:1      | Reached skill level 2 in Spellcasting
   887 | D:2      | Reached XP level 3. HP: 28/28 MP: 9/9
   891 | D:2      | Learned a level 3 spell: Stone Arrow
  1658 | D:2      | Reached skill level 1 in Conjurations
  1972 | D:3      | Reached XP level 4. HP: 30/35 MP: 2/11
  1973 | D:3      | Reached skill level 3 in Spellcasting
  2054 | D:3      | Noticed Ijyb
  2069 | D:3      | Killed Ijyb
  2610 | D:3      | Reached XP level 5. HP: 40/40 MP: 7/12
  2671 | D:3      | Learned a level 3 spell: Mephitic Cloud
  2762 | D:4      | Found a staircase to the Ecumenical Temple.
  3136 | D:4      | Reached skill level 1 in Air Magic
  3136 | D:4      | Reached skill level 1 in Poison Magic
  3140 | D:4      | Found a sand-covered staircase.
  3149 | Ossuary  | Entered an ossuary
  3488 | Ossuary  | Reached XP level 6. HP: 47/47 MP: 5/13
  4219 | D:4      | Reached skill level 5 in Conjurations
  4376 | D:4      | Reached XP level 7. HP: 52/52 MP: 9/14
  5336 | D:5      | Entered Level 5 of the Dungeon
  5441 | D:5      | Found a glowing drain.
  5534 | Sewer    | Entered a sewer
  6218 | D:5      | Noticed a hornet
  6226 | D:5      | Reached skill level 4 in Spellcasting
  6226 | D:5      | Reached XP level 8. HP: 40/59 MP: 7/17
  6379 | D:5      | Killed a hornet
  6445 | D:5      | Learned a level 5 spell: Irradiate
  6474 | D:5      | Found a runed translucent door.
  6475 | D:5      | Noticed Crazy Yiuf
  6500 | D:5      | Found Qos Weghizut's Distillery.
  6506 | D:5      | Bought a potion of magic for 104 gold pieces
  6506 | D:5      | Bought a potion of might for 52 gold pieces
  6506 | D:5      | Bought a potion of heal wounds for 65 gold pieces
  6807 | D:5      | Reached skill level 1 in Transmutations
  7081 | D:5      | Killed Crazy Yiuf
  7335 | D:6      | Reached skill level 5 in Spellcasting
  7917 | D:6      | Noticed Edmund
  7932 | D:6      | Killed Edmund
  8132 | D:7      | Reached XP level 9. HP: 62/64 MP: 10/20
  8414 | D:7      | Reached skill level 6 in Spellcasting
  9207 | D:8      | Reached skill level 5 in Shields
  9542 | D:8      | Found a staircase to the Lair.
  9699 | D:8      | Reached skill level 5 in Transmutations
 10178 | D:9      | Reached XP level 10. HP: 56/71 MP: 17/24
 10237 | D:9      | Reached skill level 7 in Spellcasting
 10876 | D:9      | Reached skill level 8 in Spellcasting
 11034 | D:9      | Noticed a fire dragon
 11406 | D:9      | Killed a fire dragon
 11597 | D:10     | Entered Level 10 of the Dungeon
 11610 | D:10     | Found a staircase to the Orcish Mines.
 11633 | D:10     | Reached skill level 10 in Conjurations
 11857 | D:9      | Learned a level 4 spell: Summon Lightning Spire
 12042 | D:10     | Reached skill level 1 in Summonings
 12046 | D:10     | Noticed a deep elf pyromancer
 12052 | D:10     | Killed a deep elf pyromancer
 12053 | D:10     | Reached XP level 11. HP: 72/77 MP: 2/28
 12594 | D:10     | Reached skill level 9 in Spellcasting
 12889 | Lair:1   | Entered Level 1 of the Lair of Beasts
 12889 | Lair:1   | Noticed Harold
 12897 | Lair:1   | Killed Harold
 13723 | Lair:1   | Reached skill level 5 in Summonings
 13723 | Lair:1   | Reached skill level 5 in Air Magic
 14581 | Lair:2   | Reached skill level 5 in Fighting
 14581 | Lair:2   | Reached skill level 1 in Armour
 14674 | Lair:2   | Reached XP level 12. HP: 85/94 MP: 24/30
 15027 | Lair:2   | Identified the +1 spear "Killer Klown's Foe" {freeze,
                  | Stlth+}
 15039 | Lair:2   | Reached skill level 10 in Spellcasting
 15757 | Lair:3   | Noticed a four-headed hydra
 15772 | Lair:3   | Killed a four-headed hydra
 15961 | Lair:3   | Reached skill level 5 in Dodging
 16019 | Lair:3   | Found a hole to the Spider Nest.
 16142 | Lair:3   | Noticed a five-headed hydra
 16161 | Lair:3   | Killed a five-headed hydra
 16182 | Lair:3   | Noticed a catoblepas
 16186 | Lair:3   | Reached skill level 5 in Armour
 16196 | Lair:3   | Killed a catoblepas
 16563 | Lair:3   | Found a staircase to the Shoals.
 17037 | Lair:4   | You fall into a shaft and drop 2 floors!
 17037 | Lair:6   | Entered Level 6 of the Lair of Beasts
 17037 | Lair:6   | Noticed a dire elephant
 17037 | Lair:6   | Noticed a dire elephant
 17038 | Lair:6   | Noticed a dire elephant
 17097 | Lair:6   | Killed a dire elephant
 17455 | Lair:6   | Reached XP level 13. HP: 107/109 MP: 27/31
 17678 | Lair:6   | Reached skill level 10 in Fighting
 18613 | Lair:6   | Learned a level 5 spell: Borgnjor's Vile Clutch
 18687 | Lair:6   | Killed a dire elephant
 18688 | Lair:6   | Killed a dire elephant
 19014 | Lair:6   | Got the Incunabulum of Dislocated Evil
 19470 | Lair:6   | Reached skill level 5 in Earth Magic
 20739 | Lair:5   | Reached skill level 1 in Necromancy
 20846 | Lair:5   | Found a staircase to the Slime Pits.
 21025 | Lair:5   | Reached XP level 14. HP: 121/121 MP: 21/32
 22325 | Lair:4   | Reached skill level 1 in Evocations
 23140 | D:5      | Bought a potion of curing for 39 gold pieces
 23140 | D:5      | Bought a potion of might for 52 gold pieces
 23140 | D:5      | Bought a potion of heal wounds for 65 gold pieces
 23297 | Orc:1    | Entered Level 1 of the Orcish Mines
 23311 | Orc:1    | Reached skill level 5 in Necromancy
 23428 | Orc:1    | Noticed Sonja
 23455 | Orc:1    | Killed Sonja
 23465 | Orc:1    | Noticed Nergalle
 23477 | Orc:1    | Killed Nergalle
 23846 | Orc:2    | Entered Level 2 of the Orcish Mines
 23847 | Orc:2    | Found Soiheheu's Superlative Supplies.
 24007 | Orc:2    | Found a staircase to the Elven Halls.
 24912 | Orc:2    | Paralysed by an orc sorcerer for 4 turns
 25710 | Orc:2    | Found Qostreym's Assorted Antiques.
 25710 | Orc:2    | Found Lyoptelu's Magic Scroll Boutique.
 25725 | Orc:2    | Found Queh's Magic Scroll Shoppe.
 25725 | Orc:2    | Found Mifen's Weapon Boutique.
 25735 | Orc:2    | Bought a clouded glass ring for 90 gold pieces
 25735 | Orc:2    | Identified the ring "Erosotite" {rF+ Int+6} (You bought it
                  | in a shop on level 2 of the Orcish Mines)
 25735 | Orc:2    | Bought a scroll labelled YVAAFE BOACZE for 18 gold pieces
 25735 | Orc:2    | Bought a pair of glowing gloves for 135 gold pieces
 25735 | Orc:2    | Bought a scroll of identify for 36 gold pieces
 25735 | Orc:2    | Bought a scroll of identify for 36 gold pieces
 25741 | Orc:2    | Bought a potion of curing for 54 gold pieces
 25743 | Orc:2    | Bought a scroll of acquirement for 884 gold pieces
 25743 | Orc:2    | Bought a scroll of fear for 59 gold pieces
 25743 | Orc:2    | Bought a scroll of enchant armour for 127 gold pieces
 25748 | Orc:2    | Bought a scroll of blinking for 112 gold pieces
 25748 | Orc:2    | Bought a scroll of blinking for 112 gold pieces
 25790 | Orc:2    | Bought a scroll of identify for 34 gold pieces
 25796 | Orc:2    | Acquired a book of Iron
 25805 | Orc:2    | Learned a level 6 spell: Iron Shot
 25925 | D:11     | Found Xuto's Weapon Shoppe.
 26098 | D:11     | Found a frozen archway.
 26231 | IceCv    | Entered an ice cave
 26301 | IceCv    | Reached skill level 5 in Evocations
 26820 | IceCv    | Noticed a frost giant
 26951 | IceCv    | Reached skill level 11 in Spellcasting
 26987 | IceCv    | Killed a frost giant
 27549 | D:11     | Found a transporter.
 27551 | D:11     | Found a transporter.
 27552 | D:11     | Noticed sammy202020's ghost (journeyman MiFi)
 27701 | D:11     | Reached skill level 10 in Earth Magic
 28259 | D:12     | Noticed Erolcha
 28285 | D:12     | Found a gate leading to a gauntlet.
 28301 | Gauntlet | Entered a Gauntlet
 28301 | Gauntlet | Found a transporter.
 28301 | Gauntlet | Found a transporter.
 28304 | Gauntlet | Found a transporter.
 28305 | Gauntlet | Found a transporter.
 28324 | Gauntlet | Found a transporter.
 28332 | Gauntlet | Found a transporter.
 28336 | Gauntlet | Found a transporter.
 28344 | Gauntlet | Found a transporter.
 28364 | Gauntlet | Found a transporter.
 28375 | Gauntlet | Found a transporter.
 28379 | Gauntlet | Found a transporter.
 28387 | Gauntlet | Found a transporter.
 28423 | Gauntlet | Reached XP level 15. HP: 125/126 MP: 29/35
 28488 | Gauntlet | Identified the +0 cloak "Kaohael" {rC++}
 28578 | Gauntlet | Identified the -1 cloak of a Million Friars {rF++ Str-2
                  | Int-3 Slay+2}
 28856 | D:12     | Killed Erolcha
 29046 | D:12     | Noticed Lodul
 29051 | D:12     | Killed Lodul
 29882 | D:12     | Noticed Urug
 29890 | D:12     | Killed Urug
 31393 | D:14     | Found a gate to the Vaults.
 31888 | D:15     | Entered Level 15 of the Dungeon
 32254 | D:15     | Noticed Azrael
 32297 | D:15     | Killed Azrael
 32554 | D:15     | Found a staircase to the Depths.
 32607 | D:15     | Noticed Louise
 32619 | D:15     | Killed Louise
 33620 | D:11     | Killed sammy202020's ghost
 33974 | Spider:1 | Entered Level 1 of the Spider Nest
 33978 | Spider:1 | Noticed SweetAndFullOfGrace's ghost (adept MiBe)
 34408 | Lair:3   | HP: 5/129 [poisoned by a redback]
 35263 | Spider:1 | Noticed Kirke
 35268 | Spider:1 | Killed Kirke
 35274 | Spider:1 | Found a transporter.
 35406 | Spider:1 | Reached skill level 1 in Polearms
 35816 | Lair:3   | Reached XP level 16. HP: 111/137 MP: 12/36
 35905 | Spider:1 | Noticed Donald
 36077 | Lair:3   | Killed Donald
 36585 | Spider:1 | Identified the +9 morningstar "Xiliyfa" {vorpal, Str+3}
 36864 | Spider:1 | Found a transporter.
 38648 | Spider:2 | Reached skill level 5 in Polearms
 38698 | Spider:2 | Reached skill level 12 in Spellcasting
 40519 | Spider:4 | Entered Level 4 of the Spider Nest
 41709 | Spider:4 | Reached skill level 10 in Armour
 41709 | Spider:4 | Reached skill level 10 in Dodging
 42723 | Spider:4 | Reached XP level 17. HP: 140/144 MP: 28/38
 42827 | Spider:4 | Gained mutation: You are dopey. (Int -2) [mutagenic glow]
 43688 | Spider:4 | Got a gossamer rune of Zot
 43898 | Shoals:1 | Entered Level 1 of the Shoals
 43898 | Shoals:1 | Noticed Jorgrun
 43898 | Shoals:1 | Identified Roxanne's Grimoire of Clay
 43898 | Shoals:1 | Noticed Roxanne
 43925 | Shoals:1 | Killed Jorgrun
 44432 | Shoals:1 | Killed Roxanne
 45407 | Shoals:1 | Gained mutation: Armour fits poorly on your strangely
                  | shaped body. [mutagenic glow]
 45502 | Shoals:1 | Lost mutation: Armour fits poorly on your strangely shaped
                  | body. [potion of mutation]
 45502 | Shoals:1 | Lost mutation: You are dopey. (Int -2) [potion of mutation]
 45502 | Shoals:1 | Gained mutation: You are frail. (-10% HP) [potion of
                  | mutation]
 45503 | Shoals:1 | Lost mutation: You are frail. (-10% HP) [potion of
                  | mutation]
 45503 | Shoals:1 | Gained mutation: You are agile. (Dex +2) [potion of
                  | mutation]
 45503 | Shoals:1 | Gained mutation: Your flesh is cold resistant. (rC+)
                  | [potion of mutation]
 45503 | Shoals:1 | Gained mutation: You have large cloven feet. [potion of
                  | mutation]
 45621 | Shoals:1 | You fall into a shaft and drop 1 floor!
 47119 | Shoals:3 | Identified the +0 leather armour of Dishonour {rPois rF+}
 48253 | Shoals:3 | Reached skill level 13 in Spellcasting
 48848 | Shoals:4 | Entered Level 4 of the Shoals
 48947 | Shoals:4 | Found Elohew's General Store.
 49303 | Shoals:4 | Found Piva's Antique Armour Boutique.
 49323 | Shoals:4 | Got a barnacled rune of Zot
 49470 | Shoals:4 | Bought a shiny helmet for 247 gold pieces
 49481 | Shoals:4 | Bought a shiny helmet for 247 gold pieces
 50172 | Shoals:4 | Bought a scroll of teleportation for 30 gold pieces
 50172 | Shoals:4 | Bought a potion of mutation for 80 gold pieces
 50717 | Shoals:4 | Reached XP level 18. HP: 126/157 MP: 29/41
 51451 | Vaults:1 | Entered Level 1 of the Vaults
 51461 | Vaults:1 | Acquired the ring "Ynefiseo" {rElec AC+4 Slay+5}
 51999 | Vaults:1 | Reached skill level 14 in Spellcasting
 53529 | Vaults:1 | Noticed Asterion
 53545 | Vaults:1 | Killed Asterion
 55085 | Vaults:2 | Noticed Boris
 55388 | Vaults:2 | Identified the +2 robe of Indecent Exposure {Drain rF++
                  | rCorr Str+2}
 57542 | Vaults:3 | Found Qainist's Book Boutique.
 57648 | Vaults:3 | Reached XP level 19. HP: 88/163 MP: 29/43
 57948 | Vaults:3 | Identified the ring "Gezeuzar" {Wiz Str+3}
 58009 | Vaults:3 | Found Kyciset's Jewellery Emporium.
 58011 | Vaults:3 | You fall into a shaft and drop 1 floor!
 58300 | Vaults:4 | Reached skill level 15 in Spellcasting
 58466 | Vaults:4 | Found a crumbling gateway.
 58475 | Desolati | Entered the Desolation of Salt
 59292 | Desolati | Found the +4 robe of Folly {Brilliance Will-∞ Int+8}
 59296 | Desolati | Identified the ring "Jaeb" {Wiz rF+++ rCorr Dex-5}
 59393 | Desolati | Identified the amulet "Felixuam" {rElec Regen+}
 59533 | Desolati | Reached skill level 10 in Summonings
 60222 | Desolati | Identified the +6 war axe of Income {freeze, rCorr}
 60307 | Desolati | Got the Collected Works on Snow and Fire
 60452 | Desolati | Identified the +1 buckler of the Hills {rN+ Str+4 Int+6}
 60722 | Vaults:4 | Noticed Mennas
 60955 | Vaults:4 | HP: 6/163 [Mennas/+3 eudemon blade of holy wrath (17)]
 61310 | Vaults:4 | Learned a level 7 spell: Monstrous Menagerie
 61422 | Vaults:4 | Killed Mennas
 61961 | Vaults:4 | Noticed Margery
 61975 | Vaults:4 | Killed Margery
 62461 | Vaults:3 | Reached XP level 20. HP: 62/171 MP: 13/44
 62592 | Vaults:3 | Found Bugredeqou's Weapon Boutique.
 63230 | Vaults:3 | Found a staircase to the Crypt.
 63286 | Vaults:3 | Found Ynitt's Book Shoppe.
 63647 | Vaults:3 | Found Luykekh's Book Shoppe.
 63842 | Vaults:4 | Learned a level 7 spell: Haunt
 64234 | Vaults:2 | Killed Boris
 64510 | Vaults:5 | Entered Level 5 of the Vaults
 65034 | Vaults:4 | Reached skill level 16 in Spellcasting
 65560 | Orc:2    | Bought a scroll of blinking for 112 gold pieces
 65560 | Orc:2    | Bought a scroll of magic mapping for 52 gold pieces
 65560 | Orc:2    | Bought a scroll of enchant weapon for 112 gold pieces
 65560 | Orc:2    | Bought a scroll of enchant weapon for 112 gold pieces
 65567 | Orc:2    | Bought a scroll of teleportation for 51 gold pieces
 65569 | Orc:2    | Bought 3 scrolls of vulnerability for 405 gold pieces
 65791 | Depths:1 | Entered Level 1 of the Depths
 66322 | Depths:1 | Reached skill level 10 in Necromancy
 66496 | Depths:1 | Found a gateway to Hell.
 66958 | Depths:2 | Noticed a dread lich
 67016 | Depths:1 | Paralysed by a dread lich for 7 turns
 67018 | Depths:1 | Killed a dread lich
 67266 | Depths:2 | Reached skill level 17 in Spellcasting
 67621 | Depths:2 | Reached XP level 21. HP: 165/177 MP: 37/48
 68156 | Depths:2 | Found a one-way gateway to a ziggurat.
 68225 | Depths:2 | Got Evvoradypn's Compendium of Evil Magic
 68232 | Depths:2 | Found a one-way gate to the infinite horrors of the Abyss.
 68699 | Depths:2 | Found a one-way gate leading to the halls of Pandemonium.
 69270 | Depths:2 | Reached skill level 15 in Fighting
 69513 | Depths:3 | Noticed Mara
 69531 | Depths:3 | Killed Mara
 69610 | Depths:3 | Found Bugoz's General Store.
 69617 | Depths:3 | Bought a book of Spatial Translocations for 416 gold pieces
 69620 | Depths:3 | Learned a level 2 spell: Blink
 70752 | Depths:3 | Got the Tome of Sulphur
 71161 | Depths:4 | Entered Level 4 of the Depths
 71226 | Depths:4 | Noticed a juggernaut
 71240 | Depths:4 | Killed a juggernaut
 72757 | Depths:4 | Reached XP level 22. HP: 161/193 MP: 17/49
 73059 | Depths:4 | Found a gate to the Realm of Zot.
 73453 | Vaults:5 | Identified the +8 dagger of Fate {protect, Str+7}
 73967 | Vaults:5 | Identified the +11 flail of Forced Transition {drain, rN+
                  | MP+9 Str+3 Stlth+}
 74121 | Vaults:5 | Identified the +3 dagger "Woufel" {vorpal, *Rage rElec
                  | Int-2 SInv}
 74495 | Vaults:5 | Reached skill level 15 in Armour
 75047 | Vaults:5 | Identified the +1 dagger "Murmur" {vorpal, Str+4 Dex+5}
 75201 | Vaults:5 | Noticed an ancient lich
 75261 | Vaults:5 | Killed an ancient lich
 75869 | Vaults:5 | Identified the ring of Pevidgh {rC+ Str+3 Int+3 Dex-5}
 76014 | Vaults:5 | Identified the +11 shortbow "Equrarch" {freeze, rElec rN+
                  | Dex+2}
 76062 | Vaults:5 | Got a silver rune of Zot
 76216 | Vaults:5 | Noticed Xtahua
 76222 | Vaults:5 | Killed Xtahua
 77079 | Spider:1 | Killed SweetAndFullOfGrace's ghost
 77662 | Zot:1    | Entered Level 1 of the Realm of Zot
 77670 | Zot:1    | Noticed Parghit
 77873 | Depths:4 | Killed Parghit
 77990 | Zot:1    | Reached skill level 18 in Spellcasting
 78487 | Zot:1    | Noticed a curse toe
 78495 | Zot:1    | Killed a curse toe
 79105 | Zot:1    | Reached XP level 23. HP: 193/202 MP: 39/51
 81680 | Zot:2    | Noticed an orb of fire
 81704 | Zot:2    | Killed an orb of fire
 82427 | Zot:3    | Reached skill level 10 in Polearms
 82936 | Zot:3    | Found a transporter.
 83237 | Zot:3    | Found a transporter.
 83562 | Zot:3    | Noticed an ancient lich
 83565 | Zot:3    | Noticed a Killer Klown
 84746 | Zot:4    | Noticed an orb of fire
 84751 | Zot:4    | Gained mutation: You are weak. (Str -2) [an orb of fire]
 84762 | Zot:4    | Killed an orb of fire
 85217 | Zot:4    | Reached skill level 15 in Dodging
 85363 | Zot:5    | Entered Level 5 of the Realm of Zot
 85402 | Zot:5    | Reached XP level 24. HP: 183/210 MP: 37/51
 86256 | Zot:5    | Noticed an orb of fire
 86278 | Zot:5    | Killed an orb of fire
 86278 | Zot:5    | Noticed a Killer Klown
 86336 | Zot:5    | Killed a Killer Klown
 86564 | Zot:5    | Noticed a dread lich
 86564 | Zot:5    | Noticed a Killer Klown
 86963 | Zot:5    | Noticed a Killer Klown
 86979 | Zot:5    | Killed a Killer Klown
 87026 | Zot:5    | Killed a Killer Klown
 87074 | Zot:5    | Noticed an orb of fire
 87091 | Zot:5    | Killed a dread lich
 87561 | Zot:5    | Noticed an orb of fire
 87562 | Zot:5    | Lost mutation: You have large cloven feet. [an orb of fire]
 87573 | Zot:5    | Gained mutation: Your body sometimes deteriorates upon
                  | taking damage. [an orb of fire]
 87575 | Zot:5    | Killed an orb of fire
 88081 | Zot:5    | Noticed a Killer Klown
 88095 | Zot:5    | Killed a Killer Klown
 88101 | Zot:5    | Noticed a Killer Klown
 88115 | Zot:5    | Killed a Killer Klown
 88190 | Zot:5    | Gained mutation: You sometimes lose the ability to read
                  | scrolls when taking damage. [an orb of fire]
 88196 | Zot:5    | Killed an orb of fire
 88200 | Zot:5    | Identified the +8 war axe of Chance {spect, rElec Dex+3}
 88336 | Zot:5    | Lost mutation: You are agile. (Dex +2) [potion of mutation]
 88336 | Zot:5    | Lost mutation: Your flesh is cold resistant. (rC+) [potion
                  | of mutation]
 88336 | Zot:5    | Gained mutation: You have a pair of small horns on your
                  | head. [potion of mutation]
 88336 | Zot:5    | Lost mutation: You have a pair of small horns on your head.
                  | [potion of mutation]
 88336 | Zot:5    | Gained mutation: You are agile. (Dex +2) [potion of
                  | mutation]
 88336 | Zot:5    | Gained mutation: Your flesh is cold resistant. (rC+)
                  | [potion of mutation]
 88337 | Zot:5    | Lost mutation: Your body sometimes deteriorates upon taking
                  | damage. [potion of mutation]
 88337 | Zot:5    | Lost mutation: You sometimes lose the ability to read
                  | scrolls when taking damage. [potion of mutation]
 88337 | Zot:5    | Gained mutation: You are frail. (-10% HP) [potion of
                  | mutation]
 88337 | Zot:5    | Gained mutation: You are partially covered in iridescent
                  | scales. (AC +2) [potion of mutation]
 88337 | Zot:5    | Gained mutation: Your flesh is very cold resistant. (rC++)
                  | [potion of mutation]
 88338 | Zot:5    | Lost mutation: Your flesh is very cold resistant. (rC++)
                  | [potion of mutation]
 88338 | Zot:5    | Lost mutation: You are partially covered in iridescent
                  | scales. (AC +2) [potion of mutation]
 88338 | Zot:5    | Lost mutation: Your flesh is cold resistant. (rC+) [potion
                  | of mutation]
 88338 | Zot:5    | Gained mutation: You are occasionally teleported next to
                  | monsters. [potion of mutation]
 88338 | Zot:5    | Lost mutation: You are frail. (-10% HP) [potion of
                  | mutation]
 88338 | Zot:5    | Gained mutation: You expend magic power (3 MP) to
                  | strengthen your wands. [potion of mutation]
 88338 | Zot:5    | Gained mutation: You have a somewhat thin skeletal
                  | structure. (Dex +2, Stealth+) [potion of mutation]
 88339 | Zot:5    | Lost mutation: You have a somewhat thin skeletal structure.
                  | (Dex +2, Stealth+) [potion of mutation]
 88339 | Zot:5    | Lost mutation: You are weak. (Str -2) [potion of mutation]
 88339 | Zot:5    | Lost mutation: You are occasionally teleported next to
                  | monsters. [potion of mutation]
 88339 | Zot:5    | Gained mutation: You have a pair of small antennae on your
                  | head. [potion of mutation]
 88339 | Zot:5    | Gained mutation: You have a pair of antennae on your head.
                  | [potion of mutation]
 88339 | Zot:5    | Gained mutation: You are weak. (Str -2) [potion of
                  | mutation]
 88339 | Zot:5    | Gained mutation: You passively map a small area around you.
                  | [potion of mutation]
 88805 | Zot:5    | Got the Orb of Zot
 88807 | Zot:5    | Noticed a dread lich
 88807 | Zot:5    | Noticed an ancient lich
 88816 | Zot:5    | Noticed a dread lich
 88825 | Zot:5    | Noticed Adurib the pandemonium lord
 89034 | Depths:2 | Noticed Zytrakh the pandemonium lord
 89508 | D:$      | Escaped with the Orb!

Illustrated notes

Levels and vault maps discovered:
D:1:      dpeg_arrival_orchard, layout_loops_cross, serial_bayou,
          serial_bayou_shore_b, serial_bayou_shore_a, serial_bayou_crossing,
          serial_bayou_pond_c, shapermc_ecumenical_altar_notcrosses,
          chequers_serial_rivers_micro_a
D:2:      mumra_celtic_spiral_tile, layout_loops_ring, basic_altar,
          corexii_shack, minmay_tromino_v4_c
D:3:      layout_rooms, uniq_ijyb
D:4:      old_forge, layout_loops_ring, gammafunk_temple_overflow_statue,
          minmay_temple_entry_arrows, enter_ossuary_2,
          chequers_serial_rivers_micro_c, hangedman_glass_teeth
D:5:      layout_loops_cross, gammafunk_temple_overflow_forgotten,
          nicolae_gozag_seed_capital, cheibrodos_sewer_entry_sluice,
          serial_shops, shop, uniq_crazy_yiuf_cottage
D:6:      layout_basic, uniq_edmund
D:7:      layout_basic
D:8:      layout_loops_corners, mainiacjoe_overflow_chevrons,
          overflow_temple_1_default, lair_entry_dummy, minmay_misc_feat_rugged,
          minmay_misc_feat_encased
D:9:      dragon1_lemuel, layout_grid_maze, nrook_mini_vaults
D:10:     layout_loops_ring, david_orc_2
D:11:     layout_basic, serial_shops, nicolae_square_shop, gammafunk_ghost_hive,
          portal_ice_cave_entry_imps
D:12:     layout_cave_pods, gauntlet_entry_generic,
          amcnicky_mini_corridor_feature, uniq_erolcha, uniq_lodul, uniq_urug
D:13:     layout_irregular_city
D:14:     layout_irregular_city, david_vaults_4,
          hangedman_abyss_or_decor_jellyfish_corner
D:15:     hangedman_depths_entry_civil_slaughter, layout_stronghold,
          nicolae_benzene_ring, uniq_louise, uniq_azrael
Lair:1:   layout_cave_pods, nicolae_lair_run_with_the_wolves,
          infiniplex_staircase_pool, lemuel_fruit_fields, uniq_harold
Lair:2:   layout_chaotic_city, lemuel_old_faithful, infiniplex_staircase_pool_2,
          grunt_megastairs_4, lemuel_fruit_tree, serial_bayou_shore_b,
          serial_bayou_shore_b
Lair:3:   layout_regular_city, minmay_shoals_entry_lonely_mermaid,
          spider_nest_entry_a, minmay_stone_trees_small, grunt_megastairs_3
Lair:4:   layout_cave_pods
Lair:5:   layout_gridlike, minmay_slime_entry_oklob_open
Lair:6:   due_jungle_book, layout_cave_pods, basic_altar
Shoals:1: layout_shoals, nicolae_shoals_siren_and_animal_friends, uniq_jorgrun,
          uniq_roxanne
Shoals:2: layout_shoals
Shoals:3: layout_shoals
Shoals:4: shoals_end_grunt_ice, layout_shoals, serial_shops, shop,
          nicolae_diamond_shop
Spider:1: layout_spider_delve, gammafunk_ghost_arena, uniq_kirke, uniq_donald
Spider:2: nicolae_spider_jumping_over_cracks [nicolae_spider_jumping_sub_narrow,
          nicolae_spider_jumping_sub_plain, nicolae_spider_jumping_sub_notch,
          nicolae_spider_jumping_sub_rim], hangedman_spider_tarantella_strand
Spider:3: layout_cave_pods
Spider:4: spider_rune_water
Orc:1:    layout_caves, basic_altar, uniq_sonja, uniq_nergalle
Orc:2:    grunt_orc_tribal_feast, layout_diamond_mine, nicolae_alphabet_shops,
          mines3_lemuel
Vaults:1: v_misc_30, ontoclasm_vaults_decontamination, v_alt_pattern_2,
          nicolae_vaults_network_square, vaults_room_grid, v_alt_pattern_6,
          hangedman_vaults_stitches, vaults_room_door_ring,
          dpeg_vaults_monster_box, nicolae_vaults_little_squares_2,
          nicolae_vaults_circle_grid_a, layout_vaults_omnicross, uniq_asterion
Vaults:2: v_misc_3, vaults_room_pool, v_misc_15,
          nicolae_vaults_little_squares_6, nicolae_vaults_alarming,
          layout_vaults_omnigrid, uniq_boris
Vaults:3: nicolae_vaults_little_squares_4, minmay_crypt_entry_simple_plaza,
          v_misc_3, nicolae_vaults_yaktaur_gun_rack,
          nicolae_vaults_little_squares_3, hangedman_vaults_stretched_pinwheel,
          vaults_mumra_minichess_inversion, vaults_room_pool,
          hangedman_vaults_stretched_pinwheel, vaults_room_mumra_shop_pool,
          vaults_mumra_hex, hangedman_vaults_slice, layout_vaults_big_room,
          serial_shops, shop, shop, shop, shop
Vaults:4: portal_desolation_entry_nicolae_slug, v_misc_4,
          ontoclasm_vaults_pinch, vaults_room_pool,
          nicolae_vaults_know_your_exits, grunt_vaults_twisty,
          hangedman_vaults_stagger, nicolae_vaults_network_quincunx
          [nicolae_vaults_network_quincunx_subvault,
          nicolae_vaults_network_quincunx_subvault,
          nicolae_vaults_network_quincunx_subvault,
          nicolae_vaults_network_quincunx_subvault,
          nicolae_vaults_network_quincunx_subvault], hangedman_vaults_trim,
          ontoclasm_vaults_ligature, hangedman_vaults_unwind, v_misc_13,
          ontoclasm_vaults_gateway, v_misc_24, nicolae_vaults_rhombus_6,
          vaults_dpeg_encased_lava, ontoclasm_vaults_ring_square,
          nicolae_vaults_bisected_slash, layout_vaults_maze, uniq_margery,
          uniq_mennas
Vaults:5: uniq_xtahua
Depths:1: layout_big_octagon, hell_entry, minmay_misc_feat_enclosed,
          ebering_dispersal_statue_hall, grunt_decor_cap,
          chequers_serial_rivers_large_b, nicolae_uskayaw_dance_hall
Depths:2: four-leaf_vault, layout_cave_pools, enter_ziggurat_f,
          corexii_corridor_pit, special_room [special_room_morgue],
          rand_demon_pan_entry_1, pf_hell_entry_tar_spiral,
          abyss_entry_flame_altar, minmay_staircase_windowed_large
Depths:3: evilmike_diamond_1, layout_gridlike, serial_bayou_ford_a, hell_entry,
          abyss_entry, serial_shops, shop, infiniplex_staircase_zigzag_1,
          uniq_mara
Depths:4: grunt_zot_entry_alcove, layout_basic, hell_entry,
          nicolae_concentric_dashed_squares_wild, serial_bayou_shore_b
Zot:1:    layout_cathedral_of_symmetry, st_small_dragon_hoard_2, uniq_parghit
Zot:2:    lemuel_firehouse, layout_concentric_octagons, zot_minivault_5
Zot:3:    gammafunk_dig_for_victory, layout_misc_corridors,
          lemuel_baited_zot_trap, st_stairs_6
Zot:4:    layout_gridville
Zot:5:    layout_twisted_circle, grunt_ministairs_14

Skill      XL: |  1  2  3  4  5  6  7  8  9 10 11 12 13 14 15 16 17 18 19 20 21 22 23 24 |
---------------+-------------------------------------------------------------------------+-----
Earth Magic    | 3 7 10 11 | 11.0
Spellcasting   | 2 3 4 5 6 8 9 10 11 12 13 14 15 17 18 | 18.5
Conjurations   | 1 3 5 6 7 8 10 11 12 | 12.0
Air Magic      | 1 2 5 |  5.0
Poison Magic   | 1 2 |  2.0
Transmutations | 2 5 |  5.0
Shields        | 3 5 8 |  8.0
Summonings     | 1 5 8 13 14 | 14.0
Fighting       | 5 9 10 11 13 16 17 | 17.0
Armour         | 1 5 7 9 10 11 13 16 | 16.0
Dodging        | 3 5 7 9 10 11 15 | 15.8
Necromancy     | 2 5 7 10 11 12 | 12.0
Evocations     | 5 6 8 |  8.0
Polearms       | 1 6 12 14 | 14.0

Action                   |  1- 3 |  4- 6 |  7- 9 | 10-12 | 13-15 | 16-18 | 19-21 | 22-24 || total
-------------------------+-------+-------+-------+-------+-------+-------+-------+-------++-------
Melee: Short sword       |    81 |   168 |    67 |       |       |       |       |       ||   316
       Dagger            |       |       |   300 |   289 |   509 |       |       |       ||  1098
       Rapier            |       |       |       |       |   106 |       |       |       ||   106
       Demon trident     |       |       |       |       |   103 |   771 |   919 |  1018 ||  2811
Throw: Dart              |       |       |       |       |     4 |     1 |     1 |     4 ||    10
 Cast: Sandblast         |    61 |    66 |       |       |       |       |       |       ||   127
       Stone Arrow       |       |    20 |    90 |    42 |    24 |    14 |     2 |       ||   192
       Mephitic Cloud    |       |       |    14 |     2 |       |     2 |       |       ||    18
       Irradiate         |       |       |     1 |    75 |   182 |   164 |   111 |    40 ||   573
       Summon Lightning  |       |       |       |    22 |    55 |    43 |     9 |       ||   129
       Borgnjor's Vile C |       |       |       |       |    63 |   219 |   147 |   165 ||   594
       Iron Shot         |       |       |       |       |    40 |    77 |    65 |    78 ||   260
       Monstrous Menager |       |       |       |       |       |       |    38 |    22 ||    60
       Haunt             |       |       |       |       |       |       |    82 |   200 ||   282
       Blink             |       |       |       |       |       |       |       |     2 ||     2
Evoke: Wand              |       |       |       |       |     9 |    18 |     1 |    11 ||    39
       Condenser vane    |       |       |       |       |     2 |     5 |     3 |     2 ||    12
       Phial of floods   |       |       |       |       |     1 |     2 |     2 |       ||     5
       Box of beasts     |       |       |       |       |       |       |     1 |       ||     1
  Use: Scroll            |       |     7 |     3 |     1 |    26 |    12 |    25 |    10 ||    84
       Potion            |       |       |     1 |       |     4 |    10 |    11 |    14 ||    40
 Stab: Sleeping          |     1 |       |     1 |       |     1 |       |     2 |     1 ||     6
       Confused          |       |       |     7 |     2 |       |     3 |       |       ||    12
       Distracted        |       |       |       |     2 |     3 |     2 |    28 |    25 ||    60
       Paralysed         |       |       |       |       |     5 |       |     6 |     3 ||    14
Armor: Robe              |    29 |    41 |    95 |       |       |       |       |       ||   165
       Steam dragon scal |       |       |     1 |    38 |       |       |       |       ||    39
       Acid dragon scale |       |       |       |    85 |   322 |   280 |   402 |       ||  1089
       Swamp dragon scal |       |       |       |       |    66 |   402 |       |       ||   468
       Quicksilver drago |       |       |       |       |       |       |   122 |   496 ||   618
Dodge: Dodged            |    72 |   102 |   196 |   261 |   754 |   855 |   949 |   776 ||  3965
Block: Buckler           |    46 |    47 |   117 |   136 |   391 |   503 |   529 |   313 ||  2082

Table legend: (Time is in decaauts)
 A = Elapsed time spent in this place.
 B = Non-inter-level travel time spent in this place.
 C = Inter-level travel time spent in this place.
 D = Time resting spent in this place.
 E = Time spent auto-exploring this place.
 F = Levels seen in this place.
 G = Mean time per level.
                   A        B        C        D        E       F      G
               +--------+--------+--------+--------+--------+-----+--------+
         Total |  90335 |  84492 |   5843 |  37561 |  28913 |  50 | 1806.7 |
       Dungeon |  20412 |  17856 |   2556 |   5814 |   8683 |  15 | 1360.8 |
          Lair |  12260 |  11306 |    954 |   5287 |   4210 |   6 | 2043.3 |
        Shoals |   7598 |   7311 |    287 |   4145 |   1722 |   4 | 1899.5 |
   Spider Nest |   8257 |   7986 |    271 |   4377 |   2159 |   4 | 2064.2 |
  Orcish Mines |   2704 |   2465 |    239 |    901 |    871 |   2 | 1352.0 |
        Vaults |  15210 |  14585 |    625 |   7151 |   3999 |   5 | 3042.0 |
        Depths |   7880 |   7293 |    587 |   2960 |   2557 |   4 | 1970.0 |
           Zot |  10894 |  10573 |    321 |   4707 |   3470 |   5 | 2178.8 |
         Sewer |    743 |    743 |      0 |    174 |    368 |   1 |  743.0 |
       Ossuary |    497 |    497 |      0 |    209 |     47 |   1 |  497.0 |
      Ice Cave |   1318 |   1318 |      0 |    592 |    324 |   1 | 1318.0 |
    Desolation |   2049 |   2049 |      0 |   1075 |    312 |   1 | 2049.0 |
      Gauntlet |    508 |    508 |      0 |    167 |    189 |   1 |  508.0 |
               +--------+--------+--------+--------+--------+-----+--------+

Top non-repeatable levels by time:
  Lair:6: 3825 daAuts
Vaults:2: 3362 daAuts
Vaults:4: 3339 daAuts
Vaults:5: 3285 daAuts
Spider:4: 3281 daAuts
   Zot:5: 3070 daAuts
  Lair:3: 2990 daAuts
Vaults:3: 2683 daAuts
   Zot:2: 2544 daAuts
Vaults:1: 2539 daAuts
Spider:1: 2337 daAuts
Depths:3: 2113 daAuts
Depths:4: 2099 daAuts
Shoals:4: 2071 daAuts
Desolation: 2049 daAuts
